AoeStats
← Imot

Arabia

509499159Analyzed
1v1 RM · 7d ago on Sep 27, 2026· 32m 54s· 2 players
Game mode
Random Map
Map size
Tiny (2 player)
Population
200
Speed
Normal
Resources
Standard
Victory
Conquest
Starting age
Dark Age
Ending age
Imperial Age
RankedLock teamsTeams togetherTeam positionsShared explorationLock speedFull tech treeHidden civsTurbo modeCheats
Victory
Defeat
🇦🇷 Varangians · Argentina
1378
+19
🇺🇸 Byzantines · United States
1454
-19
Imot
6:28 Loom
9:09 Feudal Age
10:05 Double-Bit Axe
12:35 Bloodlines
15:44 Scale Barding Armor
16:50 Forging
18:34 Horse Collar
24:26 Castle Age
22:55 Scale Mail Armor
24:28 Pikeman
25:53 Iron Casting
28:33 Squires
29:00 Arson
29:45 Gambesons
Toothless
6:25 Loom
8:48 Feudal Age
10:33 Double-Bit Axe
19:08 Castle Age
18:53 Gold Mining
18:45 Horse Collar
19:20 Scale Barding Armor
20:08 Forging
21:08 Bow Saw
26:17 Wheelbarrow
28:51 Iron Casting
29:30 Husbandry
32:14 Chain Barding Armor
32:43 Stone Mining
32:57 Fletching
Connection lost

Rejoining the realm…

Still unreachable

The connection could not be restored.

Session expired

The server has moved on; the page needs a fresh start.